PAA
YAKIMA HOPS @ NORTHVILLE ECLIPSE
08/07/2027
 
TOP OF THE 1ST
Yakima Hops batting - Pitching for Northville Eclipse : RHP Bob Payne
Pitching: RHP Bob Payne
Batting: RHB Diego Rodríguez 0-0: Called Strike
0-1: Foul Ball, location: 2F
0-2: Ball
1-2: Strikes out swinging
Batting: RHB Jud Regan 0-0: Swinging Strike
0-1: Swinging Strike
0-2: Strikes out swinging
Batting: RHB Alfonso Nazario 0-0: Ball
1-0: Ball
2-0: DOUBLE (Line Drive, 78XD)
Batting: RHB Yehonatan Chazan 0-0: Called Strike
0-1: Ball
1-1: Swinging Strike
1-2: SINGLE (Line Drive, 6D)
Alfonso Nazario to third
Runner from 3rd tries for Home, SAFE, no throw
Batting: LHB Lloyd Kent 0-0: Ball
1-0: Called Strike
1-1: Ball
2-1: Fly out, F3 (Popup, 3)
Top of the 1st over - 1 run(s), 2 hit(s), 0 error(s), 1 left on base; Yakima 1 - Northville 0
BOTTOM OF THE 1ST
Northville Eclipse batting - Pitching for Yakima Hops : RHP Burm Snart
Pitching: RHP Burm Snart
Batting: RHB Alfonso Grappasonni 0-0: Foul Ball, location: 2F
0-1: Called Strike
0-2: Strikes out looking
Batting: RHB Dave Shaw 0-0: Foul Ball, location: 2F
0-1: Called Strike
0-2: Ball
1-2: Ball
2-2: SINGLE (Line Drive, 8RS)
Batting: SHB Melito Báez 0-0: Called Strike
0-1: Foul Ball, location: 2F
0-2: 2-RUN HOME RUN (Flyball, 9D), Distance : 388 ft
Batting: RHB Augusto Rocha 0-0: Ball
1-0: Swinging Strike
1-1: Ball
2-1: Called Strike
2-2: Ball
3-2: Foul Ball, location: 2F
3-2: Foul Ball, location: 2F
3-2: Base on Balls
Batting: LHB Koen van den Bogaert 0-0: Reached on error, E4 (Groundball, 4)
Augusto Rocha to second
Batting: LHB José Castillo 0-0: Foul Ball, location: 2F
0-1: Called Strike
0-2: Strikes out swinging
Batting: RHB José Sánchez 0-0: Foul Ball, location: 2F
0-1: Ball
1-1: Foul Ball, location: 2F
1-2: SINGLE (Groundball, 34D)
Augusto Rocha to third
Koen van den Bogaert to second
Runner from 3rd tries for Home, SAFE, throw made home
Batting: RHB Cosmo Bjorkenheim 0-0: Foul Ball, location: 2F
0-1: Ground out 5-3 (Groundball, 2L)
Bottom of the 1st over - 3 run(s), 3 hit(s), 1 error(s), 2 left on base; Yakima 1 - Northville 3
TOP OF THE 2ND
Yakima Hops batting - Pitching for Northville Eclipse : RHP Bob Payne
Batting: SHB Domingo Luna 0-0: Foul Ball, location: 2F
0-1: Ground out 1-3 (Groundball, P)
Batting: RHB Javier Marino 0-0: Ball
1-0: Fly out, F8 (Flyball, 8LM)
Batting: LHB Armando Carmona 0-0: Ball
1-0: Ground out 4-3 (Groundball, 4)
Top of the 2nd over - 0 run(s), 0 hit(s), 0 error(s), 0 left on base; Yakima 1 - Northville 3
BOTTOM OF THE 2ND
Northville Eclipse batting - Pitching for Yakima Hops : RHP Burm Snart
Batting: RHB Dan Hart 0-0: Ground out 4-3 (Groundball, 4)
Batting: RHB Alfonso Grappasonni 0-0: Called Strike
0-1: Ball
1-1: SINGLE (Groundball, 4MD)
Batting: RHB Dave Shaw 0-0: Grounds into double play, 6-4-3 (Groundball, 6)
Bottom of the 2nd over - 0 run(s), 1 hit(s), 0 error(s), 0 left on base; Yakima 1 - Northville 3
TOP OF THE 3RD
Yakima Hops batting - Pitching for Northville Eclipse : RHP Bob Payne
Batting: RHB Mario Salazar 0-0: Ball
1-0: Ball
2-0: Called Strike
2-1: Ball
3-1: Swinging Strike
3-2: Strikes out swinging
Batting: RHB Diego Rodríguez 0-0: Called Strike
0-1: Called Strike
0-2: Ball
1-2: Ball
2-2: Strikes out looking
Batting: RHB Jud Regan 0-0: SINGLE (Line Drive, 34D)
Batting: RHB Alfonso Nazario 0-0: Ball
Jud Regan is caught stealing 2nd base
Top of the 3rd over - 0 run(s), 1 hit(s), 0 error(s), 0 left on base; Yakima 1 - Northville 3
BOTTOM OF THE 3RD
Northville Eclipse batting - Pitching for Yakima Hops : RHP Burm Snart
Batting: SHB Melito Báez 0-0: Fly out, F7 (Flyball, 7LSF)
Batting: RHB Augusto Rocha 0-0: Ball
1-0: Ball
2-0: Ball
3-0: Base on Balls
Batting: LHB Koen van den Bogaert 0-0: Called Strike
0-1: Ball
1-1: Called Strike
1-2: Ball
2-2: Strikes out looking
Batting: LHB José Castillo 0-0: Foul Ball, location: 2F
0-1: Called Strike
0-2: Strikes out swinging
Bottom of the 3rd over - 0 run(s), 0 hit(s), 0 error(s), 1 left on base; Yakima 1 - Northville 3
TOP OF THE 4TH
Yakima Hops batting - Pitching for Northville Eclipse : RHP Bob Payne
Batting: RHB Alfonso Nazario 0-0: Ball
1-0: Swinging Strike
1-1: DOUBLE (Line Drive, 7LM)
Batting: RHB Yehonatan Chazan 0-0: Called Strike
0-1: Ball
1-1: Fly out, F6 (Line Drive, 6)
Batting: LHB Lloyd Kent 0-0: Called Strike
0-1: Ball
1-1: Called Strike
1-2: Strikes out swinging
Batting: SHB Domingo Luna 0-0: Ball
1-0: Ball
2-0: Fly out, F7 (Flyball, 7S)
Top of the 4th over - 0 run(s), 1 hit(s), 0 error(s), 1 left on base; Yakima 1 - Northville 3
BOTTOM OF THE 4TH
Northville Eclipse batting - Pitching for Yakima Hops : RHP Burm Snart
Batting: RHB José Sánchez 0-0: Ball
1-0: Foul Ball, location: 2F
1-1: Called Strike
1-2: Foul Ball, location: 2F
1-2: SINGLE (Groundball, 6MD)
Batting: RHB Cosmo Bjorkenheim 0-0: SINGLE (Groundball, 6MD)
José Sánchez to second
Batting: RHB Dan Hart 0-0: Ball
1-0: Ball
2-0: Called Strike
2-1: Ground out 4-3 (Groundball, 4S)
José Sánchez to third
Cosmo Bjorkenheim to second
Batting: RHB Alfonso Grappasonni 0-0: Swinging Strike
0-1: Called Strike
0-2: Ball
1-2: Ball
2-2: SINGLE (Line Drive, 4)
José Sánchez scores
Cosmo Bjorkenheim to third
Batting: RHB Dave Shaw 0-0: Ball
1-0: Ball
2-0: Called Strike
2-1: Foul Ball, location: 2F
2-2: Foul Ball, location: 2F
2-2: Fly out, F9 (Flyball, 9S)
Batting: SHB Melito Báez 0-0: Ball
1-0: Foul Ball, location: 2F
1-1: Ball
2-1: Called Strike
2-2: SINGLE (Line Drive, 5L)
Cosmo Bjorkenheim scores
Alfonso Grappasonni to second
Batting: RHB Augusto Rocha 0-0: Ground out 5-3 (Groundball, 56S)
Bottom of the 4th over - 2 run(s), 4 hit(s), 0 error(s), 2 left on base; Yakima 1 - Northville 5
TOP OF THE 5TH
Yakima Hops batting - Pitching for Northville Eclipse : RHP Bob Payne
Batting: RHB Javier Marino 0-0: Ball
1-0: Ball
2-0: Called Strike
2-1: Called Strike
2-2: Ground out 5-3 (Groundball, 56)
Batting: LHB Armando Carmona 0-0: Foul Ball, location: 2F
0-1: Swinging Strike
0-2: Fly out, F7 (Flyball, 78S)
Batting: RHB Mario Salazar 0-0: Swinging Strike
0-1: Swinging Strike
0-2: Ball
1-2: Ball
2-2: Strikes out looking
Top of the 5th over - 0 run(s), 0 hit(s), 0 error(s), 0 left on base; Yakima 1 - Northville 5
BOTTOM OF THE 5TH
Northville Eclipse batting - Pitching for Yakima Hops : RHP Burm Snart
Batting: LHB Koen van den Bogaert 0-0: Ball
1-0: Ball
2-0: SINGLE (Groundball, 34D)
Batting: LHB José Castillo 0-0: Sac Bunt - play at first, batter OUT! 1-3
Koen van den Bogaert to second
Batting: RHB José Sánchez 0-0: Foul Ball, location: 2F
0-1: Ball
1-1: Called Strike
1-2: Ball
2-2: Foul Ball, location: 2F
2-2: Fly out, F9 (Line Drive, 89M)
Batting: RHB Cosmo Bjorkenheim 0-0: Foul Ball, location: 2F
0-1: Ball
1-1: Foul Ball, location: 2F
1-2: Foul Ball, location: 2F
1-2: Foul Ball, location: 2F
1-2: Foul Ball, location: 2F
1-2: Fly out, F9 (Flyball, 89S)
Bottom of the 5th over - 0 run(s), 1 hit(s), 0 error(s), 1 left on base; Yakima 1 - Northville 5
TOP OF THE 6TH
Yakima Hops batting - Pitching for Northville Eclipse : RHP Bob Payne
Batting: RHB Diego Rodríguez 0-0: Fly out, F7 (Flyball, 7)
Batting: RHB Jud Regan 0-0: Called Strike
0-1: SINGLE (Line Drive, 6)
Batting: RHB Alfonso Nazario 0-0: Ball
1-0: Grounds into double play, 6-4-3 (Groundball, 6)
Top of the 6th over - 0 run(s), 1 hit(s), 0 error(s), 0 left on base; Yakima 1 - Northville 5
BOTTOM OF THE 6TH
Northville Eclipse batting - Pitching for Yakima Hops : RHP Burm Snart
Pitching: RHP Rodrigo Sandoval
Batting: RHB Dan Hart 0-0: Foul Ball, location: 2F
0-1: Ball
1-1: Foul Ball, location: 2F
1-2: Strikes out swinging
Batting: RHB Alfonso Grappasonni 0-0: Fly out, F7 (Flyball, 7S)
Batting: RHB Dave Shaw 0-0: Ball
1-0: Ball
2-0: Ball
3-0: Called Strike
3-1: Base on Balls
Batting: SHB Melito Báez 0-0: Fielders Choice at 2nd, 6-4 (Groundball, 6)
Bottom of the 6th over - 0 run(s), 0 hit(s), 0 error(s), 0 left on base; Yakima 1 - Northville 5
TOP OF THE 7TH
Yakima Hops batting - Pitching for Northville Eclipse : RHP Bob Payne
Batting: RHB Yehonatan Chazan 0-0: Fly out, F8 (Flyball, 8LD)
Batting: LHB Lloyd Kent 0-0: Called Strike
0-1: Ball
1-1: Ball
2-1: Foul Ball, location: 2F
2-2: Ball
3-2: Fly out, F9 (Line Drive, 9S)
Batting: SHB Domingo Luna 0-0: Called Strike
0-1: Swinging Strike
0-2: Ball
1-2: Ball
2-2: Strikes out swinging
Top of the 7th over - 0 run(s), 0 hit(s), 0 error(s), 0 left on base; Yakima 1 - Northville 5
BOTTOM OF THE 7TH
Northville Eclipse batting - Pitching for Yakima Hops : RHP Rodrigo Sandoval
Batting: RHB Augusto Rocha 0-0: Swinging Strike
0-1: Called Strike
0-2: Foul Ball, location: 2F
0-2: Foul Ball, location: 2F
0-2: Ball
1-2: Ball
2-2: Foul Ball, location: 2F
2-2: Ball
3-2: Fly out, F4 (Line Drive, 4)
Batting: LHB Koen van den Bogaert 0-0: Swinging Strike
0-1: SINGLE (Groundball, 34D)
Batting: LHB José Castillo 0-0: Reached on error, E4 (Groundball, 4)
Koen van den Bogaert to second
Batting: RHB José Sánchez 0-0: Called Strike
0-1: Ball
1-1: Foul Ball, location: 2F
1-2: Strikes out swinging
Batting: RHB Cosmo Bjorkenheim 0-0: Ball
1-0: Ball
Wild Pitch!
Koen van den Bogaert to third
José Castillo to second
2-0: Called Strike
2-1: Ball
3-1: Base on Balls
Batting: RHB Dan Hart 0-0: Called Strike
0-1: Ball
1-1: Fly out, F8 (Flyball, 8RM)
Bottom of the 7th over - 0 run(s), 1 hit(s), 1 error(s), 3 left on base; Yakima 1 - Northville 5
TOP OF THE 8TH
Yakima Hops batting - Pitching for Northville Eclipse : RHP Bob Payne
Batting: RHB Javier Marino 0-0: Ball
1-0: Called Strike
1-1: Ball
2-1: Swinging Strike
2-2: Strikes out swinging
Batting: LHB Armando Carmona 0-0: Ball
1-0: Fly out, F6 (Popup, 6D)
Batting: RHB Mario Salazar 0-0: Foul Ball, location: 2F
0-1: Foul Ball, location: 2F
0-2: Ball
1-2: Foul Ball, location: 2F
1-2: Ball
2-2: Ball
3-2: Base on Balls
Batting: RHB Diego Rodríguez 0-0: Ball
1-0: Fly out, F7 (Flyball, 7LSF)
Top of the 8th over - 0 run(s), 0 hit(s), 0 error(s), 1 left on base; Yakima 1 - Northville 5
BOTTOM OF THE 8TH
Northville Eclipse batting - Pitching for Yakima Hops : RHP Rodrigo Sandoval
Batting: RHB Alfonso Grappasonni 0-0: Foul Ball, location: 2F
0-1: Called Strike
0-2: Ball
1-2: Strikes out looking
Batting: RHB Dave Shaw 0-0: Ball
1-0: Foul Ball, location: 2F
1-1: Swinging Strike
1-2: Foul Ball, location: 2F
1-2: Foul Ball, location: 2F
1-2: Fly out, F7 (Flyball, 78M)
Batting: SHB Melito Báez 0-0: Hit by Pitch
Batting: RHB Augusto Rocha 0-0: Foul Ball, location: 2F
0-1: Fly out, F8 (Flyball, 89D)
Bottom of the 8th over - 0 run(s), 0 hit(s), 0 error(s), 1 left on base; Yakima 1 - Northville 5
TOP OF THE 9TH
Yakima Hops batting - Pitching for Northville Eclipse : RHP Bob Payne
Batting: RHB Jud Regan 0-0: Ball
1-0: Ball
2-0: Ball
3-0: Base on Balls
Batting: RHB Alfonso Nazario 0-0: Called Strike
0-1: Ball
1-1: Fly out, F7 (Flyball, 7D)
Batting: RHB Yehonatan Chazan 0-0: Foul Ball, location: 2F
0-1: Foul Ball, location: 2F
0-2: Strikes out swinging
Batting: LHB Lloyd Kent 0-0: Called Strike
0-1: Foul Ball, location: 2F
0-2: Ball
1-2: Ball
2-2: Strikes out swinging
Top of the 9th over - 0 run(s), 0 hit(s), 0 error(s), 1 left on base; Yakima 1 - Northville 5
Saturday, May 26th, 2018 - OOTP Baseball 17.12 Build 75